 Dungeon Crawl Stone Soup version 0.20.0-15-g7f486f2 (webtiles) character file.

6136 vishdafish the Thaumaturge (level 10, -5/86 HPs)
             Began as a Black Draconian Earth Elementalist on June 29, 2017.
             Was a Believer of Vehumet.
             Slain by a centaur warrior (9 damage)
             ... on level 9 of the Dungeon.
             The game lasted 00:46:54 (9678 turns).

vishdafish the Thaumaturge (DrEE)                   Turns: 9678, Time: 00:46:54

Health: -5/86      AC:  7    Str: 10    XL:     10   Next: 59%
Magic:  22/22      EV: 15    Int: 21    God:    Vehumet [**....]
Gold:   342        SH:  0    Dex: 13    Spells: 20/25 levels left

rFire    . . .     SeeInvis .   L - +0 trident (venom)
rCold    . . .     Gourm    .   (no shield)
rNeg     . . .     Faith    .   (armour unavailable)
rPois    .         Spirit   .   (helmet restricted)
rElec    +         Reflect  .   (no cloak)
rCorr    .         Harm     .   (no gloves)
MR       .....                  (no boots)
Stlth    +++.......             (no amulet)
Regen    0.3/turn               g - ring of stealth
MPRegen  0.2/turn               l - +3 ring of intelligence

@: no status effects
A: breathe lightning, unfitting armour, electricity resistance, cold-blooded, AC
+7
a: Breathe Lightning, Renounce Religion


You were on level 9 of the Dungeon.
You worshipped Vehumet.
Vehumet was pleased with you.
You were not hungry.

You visited 2 branches of the dungeon, and saw 11 of its levels.

You collected 499 gold pieces.
You spent 157 gold pieces at shops.

Inventory:

Hand Weapons
 b - a +0 quarterstaff
 L - a +0 trident of venom (weapon)
Armour
 A - a +2 shield
Jewellery
 g - a ring of stealth (left hand)
 l - a +3 ring of intelligence (right hand)
 s - an uncursed ring of stealth
Wands
 f - a wand of flame (23/48)
 j - a wand of disintegration (0/24)
 t - a wand of confusion (20/48)
 B - a wand of lightning (4/15)
 H - a wand of scattershot (4/9)
 M - a wand of iceblast (10/15)
Scrolls
 a - 2 scrolls of magic mapping
 e - a scroll of blinking
 i - 2 scrolls of immolation
 m - 2 scrolls of noise
 o - 4 scrolls of recharging
 r - 3 scrolls of enchant armour
 u - 2 scrolls of fog
 v - 4 scrolls of random uselessness
 x - 4 scrolls of remove curse
 y - a scroll of summoning {unknown}
 D - 2 scrolls of identify
Potions
 h - 2 potions of degeneration
 k - a potion of flight
 n - 2 potions of berserk rage {unknown}
 p - a potion of haste {unknown}
 q - a potion of invisibility {unknown}
 C - a potion of mutation {unknown}
 G - a potion of cancellation {unknown}
 I - a potion of brilliance {unknown}
 N - a potion of lignification {unknown}
Books
 d - a book of Geomancy

   Spells                             Type                      Level
   a - Sandblast                      Earth                        1
   b - Passwall                       Transmutation/Earth          2
   c - Stone Arrow                    Conjuration/Earth            3
   d - Petrify                        Transmutation/Earth          4
   e - Lee's Rapid Deconstruction     Earth                        5
 z - a book of Minor Magic

   Spells                             Type                      Level
   a - Magic Dart                     Conjuration                  1
   b - Blink                          Translocation                2
   c - Call Imp                       Summoning                    2
   d - Slow                           Hexes                        2
   e - Conjure Flame                  Conjuration/Fire             3
   f - Mephitic Cloud                 Conjuration/Poison/Air       3
 F - a Young Poisoner's Handbook

   Spells                             Type                      Level
   a - Sting                          Conjuration/Poison           1
   b - Poisonous Vapours              Poison/Air                   2
   c - Mephitic Cloud                 Conjuration/Poison/Air       3
   d - Olgreb's Toxic Radiance        Poison                       4
   e - Venom Bolt                     Conjuration/Poison           5
 J - a book of Cantrips

   Spells                             Type                      Level
   a - Confusing Touch                Hexes                        1
   b - Animate Skeleton               Necromancy                   1
   c - Summon Small Mammal            Summoning                    1
   d - Apportation                    Translocation                1
Comestibles
 c - 4 bread rations
 w - 2 royal jellies


   Skills:
 + Level 7.0 Fighting
 + Level 4.4 Staves
 + Level 6.1 Dodging
 - Level 2.0 Stealth
 * Level 3.1 Shields
 * Level 8.2 Spellcasting
   Level 1.0 Transmutations
 * Level 4.0 Air Magic
 - Level 6.6 Earth Magic


You had 20 spell levels left.
You knew the following spells:

 Your Spells              Type           Power        Failure   Level  Hunger
a - Sandblast             Erth           #####.       1%          1    None
b - Stone Arrow           Conj/Erth      ###...       6%          3    None
c - Shock                 Conj/Air       ###.         3%          1    None


Dungeon Overview and Level Annotations

Branches:
Dungeon (10/15)            Temple (1/1) D:6            Lair (0/6) D:8
    Orc (0/2) D:9

Altars:
Ashenzari
Cheibriados
Dithmenos
Elyvilon
Fedhas
Gozag
Hepliaklqana
Kikubaaqudgha
Makhleb
Nemelex Xobeh
Okawaru
Qazlal
Ru
Sif Muna
Trog
Uskayaw
Vehumet
Xom
Yredelemnul
Zin
The Shining One

Shops:
D:8 [


Innate Abilities, Weirdness & Mutations

You can breathe wild blasts of lightning.
Your glossy black scales are hard. (AC +7)
You cannot fit into any form of body armour.
You are resistant to electric shocks. (rElec)
You are cold-blooded and may be slowed by cold attacks.


Message History

The centaur warrior is lightly wounded.
The centaur warrior misses you. The centaur warrior barely misses you.
You hit the centaur warrior.
The centaur warrior looks as sick as possible!
The centaur warrior is lightly wounded.
The centaur warrior hits you!
* * * LOW HITPOINT WARNING * * *
The centaur warrior closely misses you.
You hit the centaur warrior.
The centaur warrior looks as sick as possible!
The centaur warrior is lightly wounded.
The centaur warrior hits you!
* * * LOW HITPOINT WARNING * * *
The centaur warrior hits you.
* * * LOW HITPOINT WARNING * * *
As you read the scroll of fear, it crumbles to dust.
You assume a fearsome visage.
The centaur warrior resists with almost no effort.
The centaur warrior hits you!
You die...

#.......#...## #...............#
.........###.####...#........###.
.#....#.## ##................#
........# #.)).........##..#
.#.##.#.## ##.)..[.......# ....
<#.#.....###.####).[#.##.##.#.##
##..........## #...........#.#
########.#### ###c[.#########.#
.......#.# #.@.....#.##
######.#.# #(#...#..#.## #.#.#
#(##.##.###.## #.#.# #.##...##
##.# #...# #.#####.###.## #.###
#.#......#.## #.# #.......#..#
######.# #######.#####..#
.......# #...###.#####..#####


You could see a centaur warrior.

Vanquished Creatures
  The ghost of yogakurto the Basher, a novice HOWn of Beogh (D:5)
  2 trolls (D:9)
  Grinder (D:3)
  A wyvern (D:9)
  2 hell hounds (D:8)
  2 orc warriors (D:9)
  4 ice beasts
  3 phantoms
  2 sky beasts
  7 ogres
  3 centaurs
  The ghost of yogakurto the Grave Robber, an amateur GrNe (D:3)
  3 big kobolds (D:9)
  3 gnoll sergeants (D:9)
  3 bullfrogs
  A wyvern zombie (D:6)
  A wyvern skeleton (D:9)
  A scorpion (D:5)
  9 killer bees
  3 electric eels (D:8)
  2 howler monkeys
  3 crimson imps
  A bullfrog zombie (D:8)
  A quasit (D:8)
  6 orc priests
  4 hounds
  A jelly (D:9)
  4 centaur skeletons
  An orc wizard (D:8)
  3 iguanas
  Ijyb (D:2)
  3 bullfrog skeletons
  5 worker ants
  3 worker ant zombies
  12 adders
  6 gnolls
  A shadow imp (D:7)
  An ooze (D:3)
  An adder zombie (D:6)
  An adder skeleton (D:7)
  4 worms
  2 dart slugs
  6 leopard geckos
  29 orcs
  2 ball pythons
  8 bats
  2 giant cockroaches
  6 goblins
  7 hobgoblins
  3 jackals (D:3)
  5 quokkas
  5 frilled lizards
  19 kobolds
  A leopard gecko zombie (D:5)
  6 rats
218 creatures vanquished.

Notes
Turn   | Place    | Note
-------+----------+-------------------------------------------
     0 | D:1      | vishdafish the Draconian Earth Elementalist began the quest for the Orb.
     0 | D:1      | Reached XP level 1. HP: 14/14 MP: 3/3
   441 | D:1      | Reached XP level 2. HP: 20/20 MP: 3/5
   852 | D:2      | Reached XP level 3. HP: 27/27 MP: 1/6
   967 | D:2      | Reached skill level 1 in Fighting
  1236 | D:2      | Reached XP level 4. HP: 27/36 MP: 4/7
  1448 | D:3      | Learned a level 3 spell: Stone Arrow
  1469 | D:3      | Noticed Grinder
  1481 | D:3      | Killed Grinder
  1481 | D:3      | Reached skill level 3 in Spellcasting
  1481 | D:3      | Reached skill level 5 in Earth Magic
  1481 | D:3      | Reached XP level 5. HP: 33/44 MP: 2/9
  1481 | D:3      | Reached XP level 6. HP: 37/50 MP: 2/10
  1507 | D:3      | Noticed Ijyb
  1616 | D:2      | Killed Ijyb
  2210 | D:3      | Noticed yogakurto's ghost (amateur GrNe)
  2216 | D:3      | Killed yogakurto's ghost
  2852 | D:3      | Your scales start taking on a glossy black colour.
  2852 | D:3      | Reached XP level 7. HP: 48/57 MP: 3/12
  2852 | D:3      | Gained mutation: You are resistant to electric shocks. (rElec) [Black Draconian growth]
  2952 | D:4      | Found a white marble altar of Elyvilon.
  3240 | D:4      | Found a hide-covered altar of Uskayaw.
  3242 | D:4      | Found a sparkling altar of Nemelex Xobeh.
  3259 | D:4      | Found a sacrificial altar of Ru.
  3613 | D:5      | Entered Level 5 of the Dungeon
  3619 | D:5      | Noticed yogakurto's ghost (novice HOWn)
  3696 | D:5      | Killed yogakurto's ghost
  3696 | D:5      | Reached skill level 4 in Spellcasting
  3696 | D:5      | Reached skill level 5 in Earth Magic
  3696 | D:5      | Reached XP level 8. HP: 61/66 MP: 12/15
  3803 | D:5      | Reached skill level 5 in Spellcasting
  4533 | D:6      | Reached skill level 5 in Fighting
  4591 | D:6      | Reached skill level 6 in Spellcasting
  4591 | D:6      | Reached XP level 9. HP: 46/74 MP: 9/18
  4665 | D:6      | Found a staircase to the Ecumenical Temple.
  4709 | Temple   | Entered the Ecumenical Temple
  4764 | Temple   | Became a worshipper of Vehumet
  4971 | D:6      | Reached skill level 5 in Dodging
  5906 | D:7      | Found a burning altar of Makhleb.
  6405 | D:7      | Found a hazy altar of Hepliaklqana.
  6437 | D:7      | Reached skill level 7 in Spellcasting
  6770 | D:8      | Found a staircase to the Lair.
  6774 | D:8      | Reached * piety under Vehumet
  6774 | D:8      | Offered knowledge of Freeze by Vehumet.
  6893 | D:8      | Found Bailaoja's Antique Armour Shop.
  6913 | D:8      | Bought a runed shield for 157 gold pieces
  7001 | D:8      | Reached skill level 1 in Shields
  7005 | D:8      | Reached XP level 10. HP: 75/83 MP: 13/21
  7228 | D:8      | Offered knowledge of Shock by Vehumet.
  7329 | D:8      | Learned a level 1 spell: Shock
  7348 | D:9      | Reached ** piety under Vehumet
  7491 | D:9      | Reached skill level 1 in Air Magic
  7573 | D:9      | Found a stormy altar of Qazlal.
  7646 | D:9      | HP: 4/84 [ice beast (14)]
  8748 | D:9      | Found a staircase to the Orcish Mines.
  8750 | D:9      | Reached skill level 8 in Spellcasting
  8800 | D:10     | Entered Level 10 of the Dungeon
  9670 | D:9      | Noticed a centaur warrior
  9677 | D:9      | HP: 3/86 [centaur warrior (4)]
  9678 | D:9      | Slain by a centaur warrior

Skill      XL: |  1  2  3  4  5  6  7  8  9 10 |
---------------+-------------------------------+-----
Stealth        | 2 |  2.0
Dodging        | 2 3 4 5 6 |  6.1
Fighting       | 1 2 3 4 5 6 7 |  7.0
Earth Magic    | 4 5 4 5 6 |  6.6
Spellcasting   | 3 4 6 7 8 |  8.2
Staves         | 2 3 4 |  4.4
Shields        | 1 3 |  3.1
Air Magic      | 4 |  4.0
Transmutations | |  1.0

Action                   |  1- 3 |  4- 6 |  7- 9 | 10-12 || total
-------------------------+-------+-------+-------+-------++-------
Melee: Unarmed           |     7 |     6 |     2 |    85 ||   100
       Tailslap          |     1 |       |    10 |    16 ||    27
       Quarterstaff      |       |     9 |    73 |    30 ||   112
       Trident           |       |       |       |    37 ||    37
 Cast: Sandblast         |    51 |    78 |   190 |    61 ||   380
       Stone Arrow       |       |       |     7 |    29 ||    36
       Shock             |       |       |       |     6 ||     6
 Abil: Breathe Lightning |       |       |     2 |     4 ||     6
Evoke: Wand              |       |       |     5 |       ||     5
  Use: Scroll            |       |     6 |    10 |     3 ||    19
       Potion            |       |       |     2 |     4 ||     6
 Stab: Sleeping          |       |     1 |       |       ||     1
  Eat: Chunk             |     1 |     1 |     2 |       ||     4
       Bread ration      |     1 |       |     1 |     1 ||     3
       Meat ration       |       |       |     1 |     1 ||     2
       Royal jelly       |       |       |     1 |     1 ||     2
Armor: Skin              |     7 |    13 |    70 |    31 ||   121
Dodge: Dodged            |    17 |    42 |   126 |   138 ||   323
Block: Shield            |       |       |     4 |    62 ||    66
